 Dungeon Crawl Stone Soup version 0.28-b1-25-g9875b3fc8c (webtiles) character file.

Game seed: 390246001006506002

465 adizb the Spear-Bearer (level 7, -4/52 HPs)
             Began as a Merfolk Gladiator on Feb 2, 2022.
             Was a Follower of Ashenzari.
             Slain by Eustachio (9 damage)
             ... on level 4 of the Dungeon.
             The game lasted 00:23:40 (2220 turns).

adizb the Spear-Bearer (Merfolk Gladiator)          Turns: 2220, Time: 00:23:40

Health: -4/52      AC:  7    Str: 16    XL:     7   Next: 8%
Magic:  7/7        EV: 12    Int:  8    God:    Ashenzari [*.....]
Gold:   101        SH:  0    Dex: 15    Spells: 6/6 levels left

rFire   + . .      SeeInvis .   a - +0 trident "Circumscribed With Me" {Fort, Melee} (curse)
rCold   + . .      Faith    .   (no shield)
rNeg    . . .      Spirit   .   e - +0 scale mail
rPois   +          Reflect  .   c - +0 helmet "Affliction of Ashenzari" {Melee, Bglg} (curse)
rElec   +          Harm     .   (no cloak)
rCorr   +          Rampage  .   (no gloves)
Will    .....                   (no boots)
Stlth   ..........              (no amulet)
HPRegen 0.17/turn               (no ring)
MPRegen 0.10/turn               (no ring)

@: resistant
A: (nimble swimmer 2), mertail
a: Renounce Religion, Shatter the Chains


You were on level 4 of the Dungeon.
You worshipped Ashenzari.
Ashenzari was aware of your devotion.
You visited 1 branch of the dungeon, and saw 4 of its levels.

You collected 101 gold pieces.

Inventory:

Hand Weapons
 a - the cursed +0 trident "Circumscribed With Me" (weapon) {Fort, Melee}

   It has a curse which improves the following skills: Fortitude: Armour and
   Shields.
   Melee Combat: Short Blades, Long Blades, Axes, Maces & Flails, Polearms,
   Staves and Unarmed Combat.
 g - a +0 spear
 s - a +0 scythe
Missiles
 d - 3 throwing nets (quivered)
 t - 5 curare-tipped darts
Armour
 b - a +0 leather armour
 c - the cursed +0 helmet "Affliction of Ashenzari" (worn) {Melee, Bglg}

   It has a curse which improves the following skills: Melee Combat: Short
   Blades, Long Blades, Axes, Maces & Flails, Polearms, Staves and Unarmed
   Combat.
   Beguiling: Conjurations, Hexes and Translocations.
 e - a +0 scale mail (worn)
 m - a +0 chain mail
 o - a +0 plate armour
Magical Staves
 h - a staff of earth
Scrolls
 f - 3 scrolls of blinking
 i - 2 scrolls of identify
 k - a scroll of fear
 r - a scroll of magic mapping
Potions
 j - a potion of haste
 l - a potion of cancellation
 n - a potion of magic
 p - 2 potions of resistance
Miscellaneous
 q - a condenser vane


   Skills:
 + Level 3.1 Fighting
 * Level 8.2(9.6) Polearms
 - Level 2.0 Throwing
 + Level 1.6(2.3) Armour
 + Level 5.9 Dodging
 - Level 0.4 Stealth
 + Level 1.6 Evocations


You had 6 spell levels left.
You didn't know any spells.
Your spell library contained the following spells:

 Spells                   Type           Power      Damage    Failure   Level
 Haunt                    Necr/Summ      0%         N/A       100%        7
 Spellforged Servitor     Conj/Summ      0%         N/A       100%        7


Dungeon Overview and Level Annotations

Branches:
Dungeon (4/15)
 Temple: D:4-7

Altars:
Ashenzari

Shops:
D:1 [

Annotations:
D:4 Eustachio


Innate Abilities, Weirdness & Mutations

((You are very nimble when in or above water. (Stealth+, EV+, Speed+++)))
Your lower body shifts to a powerful aquatic tail in water.


Message History

You closely miss the howler monkey.
The howler monkey is almost dead.
Eustachio casts a spell.
The howler monkey hoots and howls with incredible vigour!
You hear a shout! x2
You hit the howler monkey.
You kill the howler monkey!
You have reached level 7!
You hit Eustachio.
Eustachio is lightly wounded.
Eustachio barely misses you.
You hit Eustachio but do no damage.
Eustachio is lightly wounded.
Eustachio hits you with a +1 falchion of electrocution!
You hit Eustachio.
Eustachio is moderately wounded.
Eustachio hits you but does no damage.
You hit Eustachio but do no damage.
Eustachio is moderately wounded.
You completely miss Eustachio.
Eustachio is moderately wounded.
Eustachio hits you but does no damage.
You hit Eustachio.
Eustachio is moderately wounded.
Eustachio mumbles some strange words.
You hit Eustachio but do no damage.
Eustachio is moderately wounded.
Eustachio barely misses you.
You hit Eustachio.
Eustachio is moderately wounded.
Eustachio misses you.
You closely miss Eustachio.
Eustachio is moderately wounded.
Eustachio hits you with a +1 falchion of electrocution.
You are electrocuted!!
* * * LOW HITPOINT WARNING * * *
Okay, then.
You feel protected.
Eustachio hits you with a +1 falchion of electrocution!
You die...

#.# #.# # #.# #.# ..
#.#####.#####
...####...........#
@.......#####.###.#
........##........###
..h...brr..#####....#
#@##. #....#### #@##.
#........ #.##.#
#........
#.##.#####...#####
#.........(..#
#.###.######.#
#.###.## .# #.##...#
.# #....#.# ..
####...# ##


You could see Eustachio, 2 river rats and a bat (summoned).

Vanquished Creatures
  Sigmund (D:4)
  A phantom (D:4)
  A howler monkey (D:4)
  3 orc priests (D:3)
  3 adders
  A worm (D:2)
  2 dart slugs
  12 orcs
  4 endoplasms
  2 giant cockroaches (D:2)
  8 goblins
  8 hobgoblins
  3 kobolds (D:2)
  2 quokkas
  5 ball pythons
  2 bats
  4 frilled lizards
62 creatures vanquished.

Notes
Turn   | Place    | Note
-------+----------+-------------------------------------------
     0 | D:1      | adizb the Merfolk Gladiator began the quest for the Orb.
     0 | D:1      | Reached XP level 1. HP: 16/16 MP: 1/1
   248 | D:1      | Found a faded altar of an unknown god.
   252 | D:1      | Prayed at the altar of an unknown god.
   252 | D:1      | Became a worshipper of Ashenzari the Shackled
   257 | D:1      | Found Hibuff's Armour Boutique.
   285 | D:1      | Reached XP level 2. HP: 22/22 MP: 2/2
   530 | D:1      | Got Sif Muna's Reference Book on Summoning
   727 | D:2      | Reached skill level 5 in Polearms
   749 | D:2      | Reached XP level 3. HP: 23/27 MP: 3/3
  1186 | D:2      | Reached skill level 6 in Polearms
  1196 | D:2      | Reached XP level 4. HP: 7/33 MP: 4/4
  1636 | D:3      | Reached skill level 5 in Dodging
  1640 | D:3      | Reached XP level 5. HP: 21/38 MP: 5/5
  1646 | D:3      | Reached skill level 7 in Polearms
  1646 | D:3      | Reached skill level 1 in Armour
  1931 | D:3      | Reached * piety under Ashenzari
  2017 | D:4      | Noticed Sigmund
  2032 | D:4      | Killed Sigmund
  2033 | D:4      | Reached skill level 1 in Evocations
  2033 | D:4      | Reached XP level 6. HP: 22/46 MP: 6/6
  2117 | D:4      | Reached skill level 8 in Polearms
  2200 | D:4      | Noticed Eustachio
  2211 | D:4      | Reached XP level 7. HP: 36/52 MP: 7/7
  2220 | D:4      | Slain by Eustachio

Illustrated notes

Levels and vault maps discovered:
D:1:      dpeg_arrival_arbitrary_b, layout_basic,
          shapermc_ecumenical_altar_mp_ritualfount, serial_shops,
          nicolae_shop_stone
D:2:      layout_loops_ring
D:3:      layout_loops_ring, minivault_5
D:4:      layout_loops_ring, mainiacjoe_overflow_swirl, feat_on_display,
          uniq_sigmund, uniq_eustachio

Skill      XL: |  1  2  3  4  5  6 |
---------------+-------------------+-----
Polearms       | 5 6 7 8 |  8.2
Dodging        | 5 |  5.9
Armour         | 1 |  1.6
Evocations     | 1 |  1.6
Fighting       | 3 |  3.1
Throwing       | |  2.0
Stealth        | |  0.4

Action                   |  1- 3 |  4- 6 |  7- 9 || total
-------------------------+-------+-------+-------++-------
Melee: Trident           |   112 |   110 |     9 ||   231
       Punch             |     1 |       |       ||     1
Throw: Throwing net      |       |     1 |       ||     1
Invok: Curse Item        |     1 |     1 |       ||     2
Evoke: Condenser vane    |       |     1 |       ||     1
  Use: Scroll            |     1 |     3 |       ||     4
       Potion            |       |     1 |     1 ||     2
 Stab: Held in net/web   |       |     2 |       ||     2
Armor: Scale mail        |    28 |    20 |     2 ||    50
Dodge: Dodged            |    48 |    40 |     3 ||    91
